 Dungeon Crawl Stone Soup version 0.29-a0-468-ge57f7f99b4 (webtiles) character file.

Game seed: 11278848043236923139

2162 Pelinal the Shooter (level 9, -4/67 HPs)
             Began as a Djinni Hunter on May 22, 2022.
             Was a Believer of Okawaru.
             Slain by a yak (13 damage)
             ... on level 5 of the Dungeon.
             The game lasted 00:09:55 (4250 turns).

Pelinal the Shooter (Djinni Hunter)                 Turns: 4250, Time: 00:09:55

Health: -4/67      AC:  6    Str: 13    XL:     9   Next: 57%
Gold:   187        EV: 12    Int: 10    God:    Okawaru [**....] SH:  0 Dex: 22

rFire   + + .      SeeInvis +   a - +1 shortbow
rCold   x . .      Faith    .   (shield currently unavailable)
rNeg    + . .      Spirit   .   s - +3 leather armour "Funwaddo" {rN+ Str+3}
rPois   ∞          Reflect  .   (no helmet)
rElec   .          Harm     .   (no cloak)
rCorr   .          Rampage  .   (no gloves)
Will    +....                   (boots unavailable)
Stlth   ++........              f - amulet of regeneration
HPRegen 1.01/turn               d - ring of see invisible
MPRegen 0.00/turn               p - ring of willpower

@: flying
A: sickness immunity, fire resistance 2, cold vulnerability 1, float, innate
caster, HP casting, extra vitality 1
a: Renounce Religion, Heroism


You were on level 5 of the Dungeon.
You worshipped Okawaru.
Okawaru was pleased with you.
You visited 2 branches of the dungeon, and saw 8 of its levels.

You collected 271 gold pieces.
You spent 84 gold pieces at shops.

Inventory:

Hand Weapons
 a - a +1 shortbow (weapon)
Armour
 b - a +0 leather armour
 s - the +3 leather armour "Funwaddo" (worn) {rN+ Str+3}
   (You found it on level 7 of the Dungeon)

   Str:       It affects your strength (+3).
   rN:        It protects you from negative energy.
Jewellery
 d - a ring of see invisible (left hand)
 f - an amulet of regeneration (around neck)
 g - an amulet of faith
 p - a ring of willpower (right hand)
 v - a ring of ice
Wands
 m - a wand of flame (35)
Scrolls
 c - 2 scrolls of immolation
 e - 2 scrolls of fear {unknown}
 i - a scroll of identify
 k - 2 scrolls of fog
 o - a scroll of magic mapping {unknown}
 q - a scroll of amnesia {unknown}
 u - a scroll of vulnerability {unknown}
 w - a scroll of poison {unknown}
Potions
 h - 2 potions of curing
 j - 2 potions of lignification
 l - a potion of might
 n - 2 potions of haste {unknown}
 r - a potion of brilliance {unknown}
 t - 2 potions of mutation {unknown}
 x - a potion of ambrosia


   Skills:
 + Level 6.9 Fighting
 + Level 7.1 Bows
 - Level 2.3 Dodging
 - Level 0.9 Stealth
 + Level 4.8 Spellcasting


You had 8 spell levels left.
You knew the following spells:

 Your Spells              Type           Power      Damage    Failure   Level
a - Foxfire               Conj/Fire      48%        2x1d6     4%          1
b - Static Discharge      Conj/Air       12%        N/A       6%          2
c - Stone Arrow           Conj/Erth      24%        3d8       12%         3
d - Teleport Other        Tloc           12%        N/A       12%         3
Your spell library was empty.

Dungeon Overview and Level Annotations

Branches:
Dungeon (7/15)             Temple (1/1) D:7

Altars:
Cheibriados
Elyvilon
Fedhas
Gozag
Hepliaklqana
Kikubaaqudgha
Makhleb
Okawaru
Qazlal
Ru
Sif Muna
Trog
Uskayaw
Vehumet
Xom
Yredelemnul
Zin
The Shining One

Shops:
D:2 *


Innate Abilities, Weirdness & Mutations

You are immune to sickness and miasma.
You are immune to poison.
Your flesh is very heat resistant. (rF++)
You are vulnerable to cold. (rC-)
You float through the air rather than walking.
You learn spells naturally, not from books.
Your magical power is your life essence.
You have superior vitality. (+4 MHP)


Message History

Casting: Stone Arrow (dangerous; 12% risk of failure)
Confirm with . or Enter, or press ? or * to list all spells.
The yak is struck by an arc of lightning!
The yak is lightly wounded.
You are struck by an arc of lightning.
The lightning grounds out.
The yak closely misses you.
Unknown command.
Unknown command.
Casting: Static Discharge (safe; 6% risk of failure)
Confirm with . or Enter, or press ? or * to list all spells.
The yak is struck by an arc of lightning.
The yak is moderately wounded.
Something is struck by an arc of lightning.
The lightning grounds out.
The yak barely misses you.
Unknown command.
Casting: Static Discharge (safe; 6% risk of failure)
Confirm with . or Enter, or press ? or * to list all spells.
The yak is struck by an arc of lightning!
The yak is heavily wounded.
The lightning grounds out.
The yak gores you!
* * * LOW HITPOINT WARNING * * *
Unknown command.
Casting: Static Discharge (safe; 6% risk of failure)
Confirm with . or Enter, or press ? or * to list all spells.
The yak is struck by an arc of lightning!
The yak is moderately wounded.
Something is struck by an arc of lightning.
The lightning grounds out.
The yak is struck by an arc of lightning.
The yak is heavily wounded.
You are struck by an arc of lightning.
* * * LOW HITPOINT WARNING * * *
The yak is struck by an arc of lightning.
The yak is severely wounded.
The lightning grounds out.
* * * LOW HITPOINT WARNING * * *
The yak gores you but does no damage. The yak misses you.
Unknown command.
The yak attacks as you move away! The yak gores you!
You die...

###...## #........ ###.#.#
#.......# ....#.## #........
#####..# #########
...###.#####################
....#......................#
#.#..<.........Y.Y.........#
..#.#...#...#..Y#YY.#.Y.#..#
....#....#.#...#@#...#.#...#
....#.....#...#...#...#.Y.>#
....#......................#
#.#.#...#...#...#...#...#..#
###
###.#....#.#...#.#...#.#...#
#.. #
#.#.....#...#...#...#....#
#.. #
#.#......................#
#..
###.#...#...#...#...#...#..#
#..
.))......#.#...#.#...#[#...#
#..


You could see 5 yaks.

Vanquished Creatures
  Grinder (D:3)
  A yak (D:5)
  2 water moccasins
  A black bear (D:4)
  6 ogres
  A centaur (D:5)
  2 phantoms
  4 scorpions (D:5)
  2 howler monkeys
  3 hounds
  2 jellies
  2 orc priests (D:5)
  Jessica (D:3)
  An iguana (D:5)
  An orc wizard (D:5)
  5 adders
  7 gnolls
  3 ufetubi (D:5)
  A worm (D:2)
  A dart slug (D:3)
  17 orcs
  3 ball pythons
  4 endoplasms
  A giant cockroach (D:2)
  A goblin (D:1)
  7 hobgoblins
  3 quokkas
  3 bats
  A frilled lizard (D:3)
  5 kobolds
  2 rats (D:1)
94 creatures vanquished.

Vanquished Creatures (others)
  66 foxfires
66 creatures vanquished.

Grand Total: 160 creatures vanquished

Notes
Turn   | Place    | Note
-------+----------+-------------------------------------------
     0 | D:1      | Pelinal the Djinni Hunter began the quest for the Orb.
     0 | D:1      | Reached XP level 1. HP: 18/18 MP: 0/0
   129 | D:1      | Reached XP level 2. HP: 23/23 MP: 0/0
   309 | D:1      | Found a faded altar of an unknown god.
   855 | D:2      | Found Sulev's General Store.
   860 | D:2      | Bought 3 scrolls of identify for 84 gold pieces
   921 | D:2      | Reached XP level 3. HP: 28/28 MP: 0/0
   921 | D:2      | Learned a level 1 spell: Foxfire
  1039 | D:2      | Reached skill level 4 in Bows
  1052 | D:2      | Reached XP level 4. HP: 17/33 MP: 0/0
  1178 | D:3      | Noticed Grinder
  1195 | D:3      | Killed Grinder
  1196 | D:3      | Reached skill level 5 in Bows
  1196 | D:3      | Reached skill level 1 in Spellcasting
  1196 | D:3      | Reached XP level 5. HP: 13/40 MP: 0/0
  1196 | D:3      | Learned a level 2 spell: Static Discharge
  1196 | D:3      | Reached XP level 6. HP: 15/46 MP: 0/0
  1437 | D:3      | Noticed Jessica
  1442 | D:3      | Killed Jessica
  2231 | D:4      | You are sucked into a shaft and drop 3 floors!
  2232 | D:7      | Found a staircase to the Ecumenical Temple.
  2239 | Temple   | Entered the Ecumenical Temple
  2489 | Temple   | Became a worshipper of Warmaster Okawaru
  2551 | D:7      | Found a glowing golden altar of the Shining One.
  2551 | D:7      | Found a sacrificial altar of Ru.
  2557 | D:7      | Found a hide-covered altar of Uskayaw.
  2569 | D:7      | Found a shimmering altar of Xom.
  2569 | D:7      | Found a shimmering altar of Xom.
  2569 | D:7      | Found a shimmering altar of Xom.
  2569 | D:7      | Found a shimmering altar of Xom.
  2572 | D:7      | Reached XP level 7. HP: 20/51 MP: 0/0
  2572 | D:7      | Learned a level 3 spell: Stone Arrow
  2626 | D:7      | Found a shimmering altar of Xom.
  2627 | D:7      | Noticed a troll
  2638 | D:7      | Noticed a water moccasin
  2653 | D:7      | Identified the +3 leather armour "Funwaddo" {rN+ Str+3}
  2713 | D:7      | Killed a water moccasin
  2762 | D:7      | Noticed a dream sheep
  2773 | D:5      | Entered Level 5 of the Dungeon
  2792 | D:5      | Reached * piety under Okawaru
  2800 | D:4      | Noticed a water moccasin
  3101 | D:4      | Reached XP level 8. HP: 58/58 MP: 0/0
  3571 | D:4      | Reached skill level 5 in Fighting
  3572 | D:4      | Reached skill level 6 in Bows
  3605 | D:4      | HP: 1/59 [water moccasin (7)]
  3612 | D:4      | HP: 1/59 [water moccasin (4)]
  3736 | D:5      | Reached ** piety under Okawaru
  3820 | D:5      | Reached XP level 9. HP: 66/66 MP: 0/0
  3820 | D:5      | Learned a level 3 spell: Teleport Other
  4124 | D:5      | Reached skill level 7 in Bows
  4250 | D:5      | Slain by a yak

Illustrated notes

Levels and vault maps discovered:
D:1:      psy_arrival_spokes, layout_basic, shapermc_ecumenical_altar_pompeii
D:2:      layout_loops_ring, serial_shops, nicolae_shop_hallway_plus,
          serial_bayou_pond_d
D:3:      layout_basic, minmay_close_crescents, uniq_grinder, uniq_jessica
D:4:      layout_loops_corners
D:5:      cheibrodos_fzero, layout_basic, mainiacjoe_overflow_six_doors_small,
          serial_shops, nicolae_shop_statue_plus
D:6:      layout_cave_pools, minmay_microvault, uniq_prince_ribbit1
D:7:      layout_loops_cross, xom_shifter_show,
          gammafunk_temple_overflow_forgotten, minmay_temple_entry_mini_moons,
          nicolae_ossuary_entry_giza
Temple:   minmay_temple_curvy_branch

Skill      XL: |  1  2  3  4  5  6  7  8  9 |
---------------+----------------------------+-----
Bows           | 4 5 6 7 |  7.1
Fighting       | 3 4 5 6 |  6.9
Spellcasting   | 1 2 3 4 |  4.8
Dodging        | |  2.3
Stealth        | |  0.9

Action                   |  1- 3 |  4- 6 |  7- 9 || total
-------------------------+-------+-------+-------++-------
 Fire: Shortbow          |    32 |    70 |   167 ||   269
 Cast: Foxfire           |       |    31 |    14 ||    45
       Static Discharge  |       |     1 |     4 ||     5
       Stone Arrow       |       |       |    14 ||    14
Evoke: Wand              |       |       |     1 ||     1
  Use: Scroll            |     4 |     1 |     4 ||     9
       Potion            |       |     1 |     2 ||     3
Armor: Leather armour    |       |     9 |    38 ||    47
Dodge: Dodged            |     1 |    46 |    99 ||   146

Table legend: (Time is in decaauts)
 A = Elapsed time spent in this place.
 B = Non-inter-level travel time spent in this place.
 C = Inter-level travel time spent in this place.
 D = Time resting spent in this place.
 E = Time spent auto-exploring this place.
 F = Levels seen in this place.
 G = Mean time per level.
                   A        B        C        D        E       F      G
               +--------+--------+--------+--------+--------+-----+--------+
         Total |   4319 |   4112 |    207 |    191 |   2990 |   8 |  539.9 |
       Dungeon |   4060 |   3861 |    199 |    191 |   2746 |   7 |  580.0 |
        Temple |    258 |    250 |      8 |      0 |    244 |   1 |  258.0 |
               +--------+--------+--------+--------+--------+-----+--------+

Top non-repeatable levels by time:
     D:4: 1152 daAuts
     D:3: 868 daAuts
     D:2: 616 daAuts
     D:5: 575 daAuts
     D:1: 558 daAuts
     D:7: 283 daAuts
  Temple: 258 daAuts
     D:6: 5 daAuts
